 Dungeon Crawl Stone Soup version 0.28-a0-1447-ga5a8893891 (webtiles) character file.

Game seed: 3725553548777616217

69751 gimp the Severer (level 15, -1/124 HPs)
             Began as a Hill Orc Fighter on Jan 10, 2022.
             Was the Champion of Okawaru.
             Slain by an enormous slime creature (24 damage)
             ... while petrified by a basilisk
             ... on level 13 of the Dungeon.
             The game lasted 00:36:57 (26167 turns).

gimp the Severer (Hill Orc Fighter)                Turns: 26167, Time: 00:36:58

Health: -1/124     AC: 27    Str: 31    XL:     15   Next: 31%
Magic:  0/24       EV:  2    Int:  8    God:    Okawaru [******]
Gold:   1750       SH:  0    Dex: 10    Spells: 14/14 levels left

rFire   + + .      SeeInvis +   a - +0 broad axe (flame)
rCold   . . .      Faith    .   c - +0 buckler
rNeg    + + +      Spirit   +   k - +1 chain mail {rF+}
rPois   ∞          Reflect  .   e - +2 helmet
rElec   +          Harm     .   O - +2 cloak of Okawaru's Generosity {rPois Str+4}
rCorr   .          Rampage  .   o - +0 pair of gloves
Will    +....                   y - +2 pair of boots
Stlth   ..........              A - amulet of guardian spirit
HPRegen 0.30/turn               J - ring "Uklej" {+Blink rElec SInv}
MPRegen 0.19/turn               B - ring of protection from fire

@: petrified
A: no striking features
a: Renounce Religion, Evoke Blink, Heroism, Finesse, Duel


You were on level 13 of the Dungeon.
You worshipped Okawaru.
Okawaru was exalted by your worship.
You visited 4 branches of the dungeon, and saw 22 of its levels.
You also visited: Ossuary and Volcano.

You collected 3138 gold pieces.
You spent 1388 gold pieces at shops.

Inventory:

Hand Weapons
 a - a +0 broad axe of flaming (weapon)
 T - the +12 broad axe of the Crawling Thing {venom, Contam Will+ Stlth+}
   (Okawaru gifted it to you on level 1 of the Orcish Mines)

   It poisons the flesh of those it strikes.
   Contam:    It causes magical contamination when unequipped.
   Will:      It increases your willpower.
   Stlth:     It makes you more stealthy.
Missiles
 n - 7 curare-tipped darts (quivered)
 F - 103 poisoned darts
 G - 4 throwing nets
Armour
 c - a +0 buckler (worn)
 e - a +2 helmet (worn)
 h - the +4 helmet "Hesuh" {rF+ rC- Slay+2}
   (Okawaru gifted it to you on level 4 of the Lair of Beasts)

   Slay:      It affects your accuracy & damage with ranged weapons and melee
   (+2).
   rF:        It protects you from fire.
   rC:        It makes you vulnerable to cold.
 k - a +1 chain mail of fire resistance (worn)
 o - a +0 pair of gloves (worn)
 y - a +2 pair of boots (worn)
 O - the +2 cloak of Okawaru's Generosity (worn) {rPois Str+4}
   (Okawaru gifted it to you on level 12 of the Dungeon)

   Str:       It affects your strength (+4).
   rPois:     It protects you from poison.
Jewellery
 f - a ring of resist corrosion
 A - an amulet of guardian spirit (around neck)
 B - a ring of protection from fire (right hand)
 D - a ring of magical power
 J - the ring "Uklej" (left hand) {+Blink rElec SInv}
   (You acquired it on level 10 of the Dungeon)

   [ring of see invisible]

   rElec:     It insulates you from electricity.
   SInv:      It lets you see invisible.
   +Blink:    It lets you blink.
Wands
 q - a wand of flame (36)
 r - a wand of iceblast (19)
 H - a wand of acid (10)
 I - a wand of paralysis (14)
 N - a wand of polymorph (7)
 Q - a wand of mindburst (11)
Scrolls
 i - 5 scrolls of fear
 j - 3 scrolls of magic mapping
 l - 3 scrolls of brand weapon
 m - 3 scrolls of enchant armour
 u - 2 scrolls of vulnerability
 w - 12 scrolls of teleportation
 E - 5 scrolls of enchant weapon
 K - 2 scrolls of holy word
 R - a scroll of silence
Potions
 b - a potion of ambrosia
 d - 5 potions of might
 g - 5 potions of heal wounds
 p - 4 potions of brilliance
 t - 2 potions of berserk rage
 v - 4 potions of magic
 x - a potion of mutation
 z - a potion of invisibility
 C - 5 potions of curing
 L - 4 potions of flight
 M - a potion of cancellation
 P - 5 potions of haste
 S - a potion of resistance {unknown}
Miscellaneous
 s - a tin of tremorstones (2/2)


   Skills:
 - Level 9.0 Fighting
 - Level 18.0 Axes
 + Level 2.2 Throwing
 - Level 15.0 Armour
 + Level 13.2 Shields
 - Level 13.0 Invocations
 + Level 8.2 Evocations


You had 14 spell levels left.
You didn't know any spells.
Your spell library contained the following spells:

 Spells                   Type           Power      Damage    Failure   Level
 Apportation              Tloc           0%         N/A       85%         1
 Foxfire                  Conj/Fire      0%         2x1d4     85%         1
 Freeze                   Ice            0%         1d3       85%         1
 Shock                    Conj/Air       0%         1d3       85%         1
 Blink                    Tloc           0%         N/A       94%         2
 Conjure Flame            Conj/Fire      0%         6-21      99%         3
 Dazzling Flash           Conj/Hex       0%         N/A       99%         3
 Frozen Ramparts          Ice            0%         1d2       99%         3
 Inner Flame              Hex/Fire       0%         N/A       99%         3
 Swiftness                Air            0%         N/A       99%         3
 Airstrike                Air            0%         N/A       100%        4
 Flame Wave               Conj/Fire      0%         2d4       100%        4
 Hailstorm                Conj/Ice       0%         3d3       100%        4
 Agony                    Necr           0%         N/A       100%        5
 Borgnjor's Vile Clutch   Necr/Erth      0%         N/A       100%        5
 Manifold Assault         Tloc           0%         N/A       100%        5
 Silence                  Hex/Air        0%         N/A       100%        5
 Storm Form               Tmut/Air       0%         N/A       100%        7
 Animate Skeleton         Necr           Unusable   N/A       N/A         1
 Summon Small Mammal      Summ           Unusable   N/A       N/A         1
 Animate Dead             Necr           Unusable   N/A       N/A         4
 Death Channel            Necr           Unusable   N/A       N/A         6

Dungeon Overview and Level Annotations

Branches:
Dungeon (13/15) Temple (1/1) D:7 Lair (6/6) D:9 Swamp (0/4) Lair:4 Spider (0/4) Lair:3 Slime (0/5) Lair:6 Orc (2/2) D:11 Elf (0/3) Orc:2 Vaults (0/5) D:12 D:13 Ossuary (visited) Volcano (visited)

Altars:
Ashenzari
Cheibriados
Dithmenos
Elyvilon
Fedhas
Gozag
Hepliaklqana
Kikubaaqudgha
Makhleb
Nemelex Xobeh
Okawaru
Qazlal
Ru
Sif Muna
Trog
Uskayaw
Vehumet
Wu Jian
Xom
Yredelemnul
Zin
The Shining One
Beogh

Shops:
D:1 (   D:9 (   D:10 (   D:12 **   Orc:2 ?[?:

Portals:
Pandemonium: Orc:2

Annotations:
D:4 Sigmund
D:6 1 runed translucent door, AbsoluteStateOfPlay's ghost, novice MiBe


Message History

The human hits you but does no damage. The basilisk gazes at you.
You easily resist.
You block the human's attack.
A large slime creature splits.
The human hits you but does no damage.
You have turned to stone.
The human hits you.
The human hits you but does no damage. x2
Two slime creatures merge to form an enormous slime creature.
The human hits you but does no damage. The slime creature hits you.
The slime creature hits you!
The human hits you but does no damage. x2; The human hits you!
The slime creature hits you.
The slime creature hits you but does no damage.
The human hits you but does no damage. The human hits you but does no damage.
The human hits you. The human hits you but does no damage.
The slime creature hits you.
The enormous slime creature hits you!!!!
The human hits you but does no damage. The slime creature hits you.
You hear a bark!
The human hits you but does no damage. x2; The human hits you.
The basilisk bites you but does no damage.
The human hits you. The slime creature hits you!
The enormous slime creature hits you!!
The slime creature hits you but does no damage.
The human hits you but does no damage. x3
The basilisk bites you but does no damage.
The enormous slime creature hits you.
The slime creature hits you but does no damage.
The human hits you but does no damage.
The slime creature jiggles.
The slime creature hits you.
The human hits you but does no damage. x3
The basilisk bites you but does no damage.
The human hits you but does no damage. The enormous slime creature hits you!!!
* * * LOW HITPOINT WARNING * * *
The slime creature hits you but does no damage.
The slime creature hits you!
* * * LOW HITPOINT WARNING * * *
The human hits you but does no damage. x3; The basilisk bites you!
* * * LOW HITPOINT WARNING * * *
The enormous slime creature hits you!!!
You die...

.## #../....#
...###.......#
#...........#
#...........#.
#.............
#..}..c.......
#....JpJ....#
#....J@p....#
#....lpp....#
#...........#
#...........#
#...........#
.............#
..............#
..#####.......#
.. #.......#


You could see an enormous slime creature, 2 slime creatures, a centaur warrior,
a basilisk and 4 humans.

Vanquished Creatures
  A red draconian (Volcano)
  Snorg (D:10)
  A fire dragon (Lair:6)
  12 hydras
  Erolcha (Orc:2)
  A boulder beetle (Lair:5)
  A centaur warrior (Volcano)
  6 two-headed ogres
  A catoblepas (Lair:6)
  17 death yaks
  6 orc high priests (Orc:2)
  Nergalle (D:9)
  A skeletal warrior (D:12)
  A swamp dragon (Lair:6)
  6 orc knights
  7 orc sorcerers
  4 black mambas
  4 elephants
  2 orange demons (Orc:2)
  A gargoyle (D:11)
  9 cane toads
  11 komodo dragons
  4 rime drakes
  3 kobold demonologists (D:12)
  4 trolls
  A red devil (Orc:2)
  A polar bear (Lair:5)
  18 blink frogs
  Grinder (D:6)
  A vampire (D:12)
  4 wyverns
  4 basilisks
  A wraith (D:9)
  12 humans (D:12)
  A water elemental (D:12)
  23 yaks
  A ynoxinul (Orc:2)
  2 steam dragons (Lair:6)
  3 vampire mosquitoes (Lair:4)
  2 wargs (D:11)
  Edmund (D:4)
  2 acid dragons (Lair:6)
  21 water moccasins
  3 ice beasts
  5 black bears
  25 orc warriors
  A sky beast (D:7)
  2 swamp drakes (Lair:6)
  4 ogres
  8 centaurs
  2 wolves (Lair:2)
  3 kobold brigands
  6 elf zombies (Ossuary)
  Blork the orc (D:4)
  11 bullfrogs
  2 gnoll sergeants (D:10)
  3 scorpions
  A water moccasin zombie (D:6)
  A water moccasin skeleton (D:4)
  11 killer bees
  8 wights
  16 electric eels
  3 howler monkeys
  3 centaur zombies
  A bullfrog zombie (D:7)
  4 human zombies (Ossuary)
  3 hounds
  A jelly (D:7)
  A bullfrog skeleton (D:7)
  A gnoll shaman (D:6)
  18 orc priests
  3 iguanas
  13 orc wizards
  A killer bee zombie (D:6)
  A hound skeleton (D:5)
  2 howler monkey zombies
  3 mummies (Ossuary)
  19 gnolls
  7 adders
  A shadow imp (D:5)
  An ufetubus (D:5)
  2 adder skeletons
  2 worms
  A dart slug (D:2)
  54 orcs
  13 ball pythons
  10 endoplasms
  4 giant cockroaches
  4 goblins
  7 hobgoblins
  9 jackals
  54 kobolds
  2 quokkas (D:1)
  5 frilled lizards
  6 rats
577 creatures vanquished.

Vanquished Creatures (others)
  16 fungi
  27 plants
43 creatures vanquished.

Grand Total: 620 creatures vanquished

Notes
Turn   | Place    | Note
-------+----------+-------------------------------------------
     0 | D:1      | gimp the Hill Orc Fighter began the quest for the Orb.
     0 | D:1      | Reached XP level 1. HP: 19/19 MP: 1/1
    91 | D:1      | Reached skill level 3 in Axes
    95 | D:1      | Found Zuruxt's Weapon Boutique.
   202 | D:1      | Reached XP level 2. HP: 22/27 MP: 2/2
   665 | D:1      | Reached skill level 4 in Axes
   788 | D:1      | Reached XP level 3. HP: 33/33 MP: 3/3
  1781 | D:2      | Reached XP level 4. HP: 41/41 MP: 4/4
  2369 | D:3      | Found a faded altar of an unknown god.
  2380 | D:3      | Reached skill level 5 in Axes
  3169 | D:4      | Noticed Blork the orc
  3185 | D:4      | Killed Blork the orc
  3186 | D:4      | Reached skill level 5 in Fighting
  3186 | D:4      | Reached skill level 6 in Axes
  3186 | D:4      | Reached XP level 5. HP: 18/48 MP: 5/5
  3453 | D:4      | Reached XP level 6. HP: 20/56 MP: 6/6
  3748 | D:4      | Reached skill level 7 in Axes
  3986 | D:4      | Noticed Edmund
  4006 | D:4      | Killed Edmund
  4007 | D:4      | Reached skill level 8 in Axes
  4007 | D:4      | Reached XP level 7. HP: 32/63 MP: 7/7
  4247 | D:4      | Noticed Sigmund
  4251 | D:5      | Entered Level 5 of the Dungeon
  4320 | D:5      | Found a sand-covered staircase.
  4340 | Ossuary  | Entered an ossuary
  4472 | Ossuary  | Reached skill level 9 in Axes
  4653 | Ossuary  | Reached XP level 8. HP: 66/73 MP: 8/8
  4703 | Ossuary  | Reached skill level 10 in Axes
  5022 | D:5      | Reached skill level 11 in Axes
  5643 | D:5      | Reached skill level 12 in Axes
  5650 | D:5      | Reached XP level 9. HP: 82/82 MP: 9/9
  6530 | D:6      | Reached skill level 13 in Axes
  6863 | D:6      | Noticed Grinder
  6871 | D:6      | Killed Grinder
  6983 | D:6      | Found a hide-covered altar of Uskayaw.
  7077 | D:6      | Reached skill level 14 in Axes
  7119 | D:6      | Reached skill level 5 in Armour
  7461 | D:6      | Found a runed translucent door.
  7466 | D:6      | Noticed AbsoluteStateOfPlay's ghost (novice MiBe)
  7672 | D:7      | Identified a scroll of acquirement
  7683 | D:7      | Reached XP level 10. HP: 65/91 MP: 8/10
  7695 | D:7      | Reached skill level 15 in Axes
  7708 | D:6      | Acquired 307 gold pieces
  8127 | D:7      | Found a staircase to the Ecumenical Temple.
  8196 | Temple   | Entered the Ecumenical Temple
  8427 | Temple   | Became a worshipper of Warmaster Okawaru
  8606 | D:7      | Noticed a two-headed ogre
  8655 | D:7      | Killed a two-headed ogre
  9221 | D:8      | Reached * piety under Okawaru
  9261 | D:7      | Reached skill level 16 in Axes
  9593 | D:8      | Reached ** piety under Okawaru
 10126 | D:9      | Found Inaines's Antique Weapon Emporium.
 10290 | D:9      | Noticed an elephant
 10310 | D:9      | Killed an elephant
 10313 | D:9      | Reached XP level 11. HP: 52/97 MP: 5/14
 10488 | D:9      | Found a staircase to the Lair.
 10517 | D:9      | Reached skill level 5 in Invocations
 10590 | D:9      | Noticed a two-headed ogre
 10601 | D:9      | Killed a two-headed ogre
 10601 | D:9      | Reached *** piety under Okawaru
 10602 | D:9      | Reached skill level 17 in Axes
 10757 | D:9      | Noticed a two-headed ogre
 10760 | D:9      | Noticed a two-headed ogre
 10772 | D:9      | Killed a two-headed ogre
 10773 | D:9      | Killed a two-headed ogre
 10773 | D:9      | Reached **** piety under Okawaru
 11169 | D:10     | Entered Level 10 of the Dungeon
 11193 | D:10     | Noticed Snorg
 11200 | D:10     | Killed Snorg
 11347 | D:10     | Noticed a two-headed ogre
 11358 | D:10     | Killed a two-headed ogre
 11844 | D:10     | Noticed Nergalle
 11878 | D:9      | Killed Nergalle
 11879 | D:9      | Reached skill level 18 in Axes
 12152 | D:10     | Acquired the ring "Uklej" {+Blink rElec SInv}
 12330 | D:10     | Found Komuucs's Hydra Hut.
 12349 | D:10     | Noticed a six-headed hydra
 12447 | D:10     | Bought a +0 broad axe of flaming for 110 gold pieces
 12759 | D:11     | Noticed a six-headed hydra
 12770 | D:11     | Killed a two-headed hydra
 13041 | D:11     | Reached ***** piety under Okawaru
 13321 | D:11     | Reached XP level 12. HP: 99/104 MP: 16/18
 13388 | D:11     | Reached skill level 5 in Shields
 13593 | D:11     | Found a staircase to the Orcish Mines.
 13615 | D:11     | Identified the +2 robe of the Locust {+Blink Will- Str+5}
 13859 | D:12     | Noticed a seven-headed hydra
 13874 | D:12     | Killed a three-headed hydra
 14076 | D:12     | Found Ceomneha's CLEARANCE SALE!.
 14084 | D:12     | Bought a potion of heal wounds for 25 gold pieces
 14094 | D:12     | Found Noretet's Assorted Antiques.
 14097 | D:12     | Bought a tin of tremorstones (2/2) for 920 gold pieces
 14097 | D:12     | Bought a fuming sapphire potion for 20 gold pieces
 14187 | D:12     | Identified the +2 cloak of Okawaru's Generosity {rPois
                  | Str+4} (Okawaru gifted it to you on level 12 of the
                  | Dungeon)
 14187 | D:12     | Received a gift from Okawaru
 14262 | D:12     | Reached skill level 10 in Armour
 15152 | D:13     | Noticed a two-headed ogre
 15152 | D:13     | Noticed a centaur warrior
 15152 | D:13     | Found a gate to the Vaults.
 15164 | D:12     | Killed a two-headed ogre
 15165 | D:12     | Reached skill level 10 in Invocations
 15258 | Lair:1   | Entered Level 1 of the Lair of Beasts
 15620 | Lair:1   | Noticed a seven-headed hydra
 15622 | Lair:1   | Noticed a five-headed hydra
 15629 | Lair:1   | Killed a three-headed hydra
 15632 | Lair:1   | Killed a one-headed hydra
 15990 | Lair:1   | Noticed a four-headed hydra
 15997 | Lair:1   | Killed a one-headed hydra
 16330 | Lair:2   | Reached XP level 13. HP: 105/111 MP: 19/21
 17845 | Lair:3   | Found a hole to the Spider Nest.
 18383 | Lair:4   | Found a staircase to the Swamp.
 18475 | Lair:4   | Identified the +4 helmet "Hesuh" {rF+ rC- Slay+2} (Okawaru
                  | gifted it to you on level 4 of the Lair of Beasts)
 18475 | Lair:4   | Received a gift from Okawaru
 19226 | Lair:4   | Reached skill level 10 in Shields
 19226 | Lair:4   | Reached skill level 1 in Evocations
 19831 | Lair:5   | Reached XP level 14. HP: 100/118 MP: 16/23
 20812 | Lair:6   | Entered Level 6 of the Lair of Beasts
 20963 | Lair:6   | Reached ****** piety under Okawaru
 20974 | Lair:6   | Identified the +1 cloak of Good Intentions {Str+3 Int+2}
                  | (Okawaru gifted it to you on level 6 of the Lair of Beasts)
 20974 | Lair:6   | Received a gift from Okawaru
 21038 | Lair:6   | Reached skill level 5 in Evocations
 21741 | Lair:6   | Acquired 484 gold pieces
 22260 | Lair:6   | Found a staircase to the Slime Pits.
 22826 | Orc:1    | Entered Level 1 of the Orcish Mines
 22881 | Orc:2    | Entered Level 2 of the Orcish Mines
 22885 | Orc:2    | Paralysed by an orc sorcerer for 3 turns
 22929 | Orc:2    | Found a staircase to the Elven Halls.
 22943 | Orc:2    | Found a dark tunnel.
 22964 | Volcano  | Entered a volcano
 23120 | Volcano  | Noticed a red draconian
 23136 | Volcano  | Killed a red draconian
 23232 | Orc:2    | Noticed Erolcha
 23241 | Orc:2    | Killed Erolcha
 23490 | Orc:1    | Identified the +12 broad axe of the Crawling Thing {venom,
                  | Contam Will+ Stlth+} (Okawaru gifted it to you on level 1
                  | of the Orcish Mines)
 23490 | Orc:1    | Received a gift from Okawaru
 23667 | Orc:1    | Found a roughly hewn altar of Beogh.
 24238 | Orc:2    | Found Oxkiurch's Magic Scroll Shoppe.
 24241 | Orc:2    | Found Pyvvasm's Magic Scroll Emporium.
 24607 | Orc:2    | Bought a scroll of teleportation for 36 gold pieces
 24607 | Orc:2    | Bought a scroll of teleportation for 36 gold pieces
 24607 | Orc:2    | Bought 3 scrolls of teleportation for 108 gold pieces
 24607 | Orc:2    | Bought a scroll of teleportation for 36 gold pieces
 24609 | Orc:2    | Bought a scroll of enchant armour for 97 gold pieces
 24910 | Orc:2    | Reached XP level 15. HP: 91/124 MP: 17/24
 25308 | Orc:2    | Reached skill level 15 in Armour
 25435 | Orc:2    | Reached skill level 1 in Throwing
 25808 | Orc:2    | Found Kaynymogic's Antique Armour Shop.
 25808 | Orc:2    | Found Dezav's Book Boutique.
 25809 | Orc:2    | Found a one-way gate leading to the halls of Pandemonium.
 26167 | D:13     | Slain by an enormous slime creature

Illustrated notes

Levels and vault maps discovered:
D:1:      nzn_arrival_depleted_hourglass, layout_basic, serial_shops,
          nicolae_shop_bloodbath_and_beyond
D:2:      minmay_general_purpose_star, layout_basic, kennysheep_generic_room_11
D:3:      layout_basic, shapermc_ecumenical_altar_mp_highgroup,
          kennysheep_potato
D:4:      layout_rooms, corexii_item_surrounded_by_moat, uniq_edmund,
          uniq_crazy_yiuf_cottage, uniq_sigmund, uniq_blork_the_orc
D:5:      minmay_goblin_kobold_castle, layout_loops_ring,
          nicolae_ossuary_entry_ruins, minmay_crystal_water
D:6:      layout_loops_ring, lemuel_doored_altar, ebering_ghost_reflecting_pool,
          uniq_grinder
D:7:      layout_cave_pools, minmay_temple_entry_nine_rooms
D:8:      layout_basic
D:9:      layout_long_grid, david_lair_generic, serial_shops, shop
D:10:     layout_basic, doesnt_shop_hydraphobe, uniq_nergalle, uniq_snorg
D:11:     layout_basic, david_orc_1_choice
D:12:     layout_basic, serial_shops, kennysheep_mini_moat,
          chequers_serial_rivers_small_3, grunt_decor_arrowhead,
          nicolae_shop_clearance
D:13:     hangedman_screamer, layout_long_grid, david_vaults_3, st_stairs_14,
          chequers_mini_garden
Temple:   mainiacjoe_temple_archimedes_tessellation
Lair:1:   layout_chaotic_city, gammafunk_lair_bear_cave
Lair:2:   layout_cave_pods, beast_lair_carwin_11, infiniplex_staircase_pool
Lair:3:   layout_misc_corridors, dummy_spider_entry, serial_bayou_shore_a
Lair:4:   layout_regular_city, minmay_swamp_entry_swarm, serial_bayou_shore_b,
          lemuel_fruit_fields, grunt_megastairs_3
Lair:5:   layout_misc_corridors
Lair:6:   guppyfry_lair_end_dragon, layout_gridlike,
          minmay_slime_entry_oklob_enclosed
Orc:1:    layout_caves, basic_altar, minmay_orc_keep
Orc:2:    pf_orc_diabolical, layout_caves, enter_volcano_2, uniq_erolcha

Skill      XL: |  1  2  3  4  5  6  7  8  9 10 11 12 13 14 15 |
---------------+----------------------------------------------+-----
Axes           | 3 4 6 8 9 12 14 16 18 | 18.0
Fighting       | 4 5 6 7 8 9 |  9.0
Armour         | 5 7 9 11 13 14 15 | 15.0
Invocations    | 4 8 11 13 | 13.0
Shields        | 4 8 10 12 13 | 13.2
Evocations     | 3 7 8 |  8.2
Throwing       | 2 |  2.2

Action                   |  1- 3 |  4- 6 |  7- 9 | 10-12 | 13-15 || total
-------------------------+-------+-------+-------+-------+-------++-------
Melee: War axe           |   106 |   125 |   413 |   292 |       ||   936
       Broad axe         |       |       |       |   250 |   852 ||  1102
Throw: Dart              |       |     1 |       |     3 |       ||     4
Invok: Heroism           |       |       |       |     8 |    11 ||    19
       Finesse           |       |       |       |     2 |     2 ||     4
Evoke: Wand              |       |       |       |    10 |       ||    10
  Use: Potion            |       |     1 |     1 |       |       ||     2
       Scroll            |       |       |    11 |    16 |     6 ||    33
Armor: Scale mail        |    52 |    54 |    80 |       |       ||   186
       Plate armour      |       |       |   155 |   185 |       ||   340
       Chain mail        |       |       |       |   189 |   429 ||   618
Dodge: Dodged            |    52 |    54 |   106 |   200 |   245 ||   657
Block: Buckler           |    21 |    31 |    84 |   117 |   176 ||   429

Table legend: (Time is in decaauts)
 A = Elapsed time spent in this place.
 B = Non-inter-level travel time spent in this place.
 C = Inter-level travel time spent in this place.
 D = Time resting spent in this place.
 E = Time spent auto-exploring this place.
 F = Levels seen in this place.
 G = Mean time per level.
                   A        B        C        D        E       F      G
               +--------+--------+--------+--------+--------+-----+--------+
         Total |  25923 |  24984 |    939 |   1945 |  18716 |  24 | 1080.1 |
       Dungeon |  14907 |  14315 |    592 |   1439 |  10510 |  13 | 1146.7 |
        Temple |    265 |    201 |     64 |      0 |    179 |   1 |  265.0 |
          Lair |   7334 |   7110 |    224 |    268 |   5807 |   6 | 1222.3 |
  Orcish Mines |   2724 |   2666 |     58 |    232 |   1765 |   2 | 1362.0 |
       Ossuary |    440 |    440 |      0 |      0 |    302 |   1 |  440.0 |
       Volcano |    250 |    250 |      0 |      6 |    152 |   1 |  250.0 |
               +--------+--------+--------+--------+--------+-----+--------+

Top non-repeatable levels by time:
   Orc:2: 2011 daAuts
     D:6: 1752 daAuts
  Lair:4: 1714 daAuts
    D:12: 1549 daAuts
  Lair:6: 1533 daAuts
     D:9: 1507 daAuts
     D:5: 1479 daAuts
     D:2: 1381 daAuts
  Lair:2: 1289 daAuts
    D:11: 1276 daAuts
  Lair:5: 1259 daAuts
     D:1: 1199 daAuts
    D:10: 1155 daAuts
     D:7: 1142 daAuts
  Lair:1: 1014 daAuts
